Map: Newkirk Precinct TE (Void)

Players

ViBE - Winner!

  • Race: Zerg Zerg
  • Spawn Location: 7:00

Allaryce

  • Race: Zerg Zerg
  • Spawn Location: 5:00

Event: WCS Austin 2017

VOD

Have the link to the VOD?

Description

Time

  • Played on: April 28, 2017, 3:12 p.m.
  • Length: 7:38

All games in this series

Show
View Real Time Build Order
Export as new Build Order

ViBE Zerg - Winner!

Build Orders: Hatch First 

Get SALT Encoding   

  12  0:00  Drone  
  13  0:13  Overlord  
  13  0:18  Drone  
  14  0:31  Drone x2  
  16  0:35  Drone  
  17  0:54  Hatchery  
  16  1:07  Spawning Pool  
  16  1:09  Drone  
  16  1:13  Drone  
  16  1:16  Extractor  
  16  1:18  Drone  
  16  1:23  Drone  
  18  1:31  Drone  
  19  1:41  Overlord  
  19  1:54  Queen  
  19  1:55  Zergling x2  
  22  2:03  Zergling x2  
  22  2:05  Queen  
  22  2:06  Drone  
  26  2:15  Drone  
  27  2:18  Drone  
  27  2:19  Metabolic Boost  
  28  2:25  Drone  
  28  2:28  Drone  
  30  2:32  Spine Crawler  
  29  2:39  Zergling x4  
  31  2:49  Zergling x2  
  31  2:50  Zergling x2  
  31  2:52  Queen  
  35  3:06  Baneling Nest  
  34  3:15  Drone  
  35  3:27  Overlord  
  35  3:28  Overlord  
  33  3:41  Drone x2  
  35  3:52  Baneling x3  
  35  3:53  Baneling  
  35  3:55  Drone x5  
  40  4:01  Roach Warren  
  40  4:02  Drone, Evolution Chamber  
  40  4:03  Drone x3  
  40  4:05  Drone  
  40  4:06  Drone x2  
  45  4:17  Evolution Chamber  
  45  4:18  Lair  
  45  4:21  Drone, Extractor  
  45  4:23  Drone  
  45  4:29  Drone  
  45  4:30  Drone  
  47  4:31  Extractor  
  47  4:32  Zerg Missile Weapons Level 1  
  47  4:35  Drone  
  47  4:36  Drone  
  48  4:40  Drone  
  48  4:41  Drone  
  48  4:42  Drone  
  48  4:45  Overlord  
  51  4:58  Overlord  
  51  5:04  Zerg Ground Armor Level 1  
  51  5:07  Overlord  
  50  5:08  Overlord  
  50  5:16  Glial Reconstitution  
  50  5:26  Drone, Overlord  
  53  5:28  Roach x4  
  58  5:38  Roach x3  
  58  5:39  Hatchery  
  63  5:45  Roach x2  
  63  5:47  Overlord  
  67  5:52  Roach x2  
  71  6:02  Roach x3  
  77  6:06  Roach x2  
  81  6:11  Roach  
  81  6:12  Roach  
  81  6:15  Roach  
  87  6:22  Roach x2  
  91  6:26  Overlord x2  
  91  6:34  Drone x2  
  94  6:40  Drone x4  
  97  6:50  Drone  
  97  6:52  Drone x5  
  103  6:56  Hydralisk Den  
  103  6:57  Extractor  
  103  7:01  Drone  
  102  7:10  Extractor  
  102  7:11  Drone x2, Extractor  
  102  7:12  Drone  
  102  7:13  Drone  
  104  7:17  Drone x2  
  106  7:23  Hatchery  
Show
View Real Time Build Order
Export as new Build Order

Allaryce Zerg 

Build Orders: Pool First 

Get SALT Encoding   

  12  0:11  Drone  
  13  0:16  Extractor  
  12  0:26  Spawning Pool  
  11  0:31  Drone  
  11  0:34  Drone  
  13  0:41  Drone  
  14  1:03  Overlord  
  14  1:17  Metabolic Boost  
  14  1:22  Zergling x2  
  17  1:26  Zergling x4  
  17  1:38  Zergling x2  
  18  1:48  Baneling Nest  
  18  1:49  Queen, Zergling x2  
  20  1:58  Zergling x2  
  21  2:10  Overlord  
  21  2:25  Zergling x2  
  21  2:29  Overlord  
  22  2:36  Baneling x2  
  22  2:50  Zergling x2  
  20  2:54  Zergling x2  
  21  3:10  Hatchery  
  19  3:23  Drone x3  
  22  3:29  Drone  
  23  3:42  Drone  
  23  3:44  Baneling x2  
  24  3:59  Drone  
  25  4:09  Drone x3  
  29  4:10  Drone  
  29  4:19  Drone, Roach Warren  
  29  4:24  Drone  
  29  4:25  Queen  
  32  4:47  Drone  
  32  4:48  Drone x5  
  38  4:55  Drone  
  38  5:07  Roach  
  38  5:08  Roach x2  
  38  5:09  Overlord x2  
  44  5:18  Evolution Chamber  
  43  5:21  Queen, Evolution Chamber  
  42  5:35  Drone  
  42  5:36  Drone x2  
  42  5:37  Drone  
  45  5:49  Queen  
  45  5:51  Roach  
  45  5:52  Roach  
  51  6:04  Drone, Extractor  
  51  6:05  Drone  
  51  6:06  Drone  
  51  6:11  Overlord  
  51  6:12  Overlord  
  51  6:18  Roach  
  51  6:19  Roach x2  
  51  6:20  Roach  
  59  6:32  Drone x4  
  63  6:33  Drone  
  63  6:37  Lair  
  65  6:40  Drone  
  65  6:54  Roach  
  67  6:55  Overlord x3  
  67  7:07  Drone  
  68  7:14  Ravager x3  
  71  7:18  Drone  
  71  7:19  Zergling x2  
  71  7:20  Zergling x4  
Tags
 
Add a new tag
Caveats
  • Supply blocks, unpowered buildings, or Contaminate may cause inaccurate times.
  • Supply counts are checked every 10 seconds.